 Dungeon Crawl Stone Soup version 0.20.1-1-g8b1a95d (webtiles) character file.

1149 Salad the Ruffian (level 8, -4/84 HPs)
             Began as a Troll Monk on July 12, 2017.
             Slain by a wight
             ... wielding a +5 morningstar
              (6 damage)
             ... on level 6 of the Dungeon.
             The game lasted 00:08:36 (4259 turns).

Salad the Ruffian (Troll Monk)                      Turns: 4259, Time: 00:08:37

Health: -4/84      AC:  7    Str: 20    XL:     8   Next: 15%
Magic:  7/7        EV: 10    Int:  6    God:
Gold:   362        SH:  0    Dex: 14    Spells: 7/7 levels left

rFire    . . .     SeeInvis +     - Unarmed
rCold    . . .     Gourm    +   (no shield)
rNeg     . . .     Faith    .   a - +0 robe
rPois    .         Spirit   .   (helmet restricted)
rElec    .         Reflect  .   p - +1 cloak
rCorr    .         Harm     +   (gloves unavailable)
MR       .....                  (boots unavailable)
Stlth    +.........             h - amulet of harm
Regen    0.7/turn               s - ring of see invisible
MPRegen  0.1/turn               (no ring)

@: drained
A: unfitting armour, claws 3, fast metabolism 3, gourmand, regeneration 1,
shaggy fur 1, tough skin 2
a: no special abilities


You were on level 6 of the Dungeon.
You were completely stuffed.

You visited 1 branch of the dungeon, and saw 6 of its levels.

You collected 362 gold pieces.

Inventory:

Armour
 a - a +0 robe (worn)
 p - a +1 cloak (worn)
Jewellery
 e - an uncursed amulet of guardian spirit
 h - an amulet of harm (around neck)
 s - a ring of see invisible (left claw)
Scrolls
 d - a scroll of identify
 f - 4 scrolls of remove curse
 g - a scroll of magic mapping
 l - 2 scrolls of fear
 n - 7 scrolls of enchant weapon
 o - a scroll of teleportation
 u - 5 scrolls of amnesia
Potions
 i - 2 potions of haste
 j - a potion of flight {unknown}
 m - a potion of lignification {unknown}
 q - a potion of might {unknown}
 r - 2 potions of brilliance
 t - 2 potions of degeneration {unknown}
 v - a potion of magic {unknown}
 w - a potion of heal wounds {unknown}
 x - 2 potions of curing {unknown}
Comestibles
 b - 5 bread rations
 c - 11 fruits
 k - 3 meat rations


   Skills:
 + Level 6.6(5.4) Fighting
 - Level 2.4(1.3) Dodging
 - Level 1.0(0.0) Stealth
 - Level 7.0(5.8) Unarmed Combat


You had 7 spell levels left.
You didn't know any spells.

Dungeon Overview and Level Annotations

Branches:
Dungeon (6/15)
 Temple: D:4-7

Altars:
Yredelemnul


Innate Abilities, Weirdness & Mutations

You are too large for most types of armour.
You have claws for hands.
Your metabolism is lightning-fast.
You like to eat raw meat.
Your natural rate of healing is unusually fast.
You are covered in fur. (AC +1)
You have very tough skin. (AC +2)


Message History

* * * LOW HITPOINT WARNING * * *
You scratch the wight.
You destroy the wight!
The wight hits you but does no damage.
Things that are here:
an enchanted halberd; a robe You scratch the wight.
You destroy the wight!
You barely miss the scorpion.
The scorpion stings you but does no damage.
You mangle the scorpion!!
You kill the scorpion!
You scratch the wight but do no damage.
The wight hits you with an enchanted morningstar!
* * * LOW HITPOINT WARNING * * *
You scratch the wight but do no damage.
The wight hits you with an enchanted morningstar!
* * * LOW HITPOINT WARNING * * *
You feel drained.
You die...

....z...........#
...............#
<........#z....#####
.........#..s......#
......>.##.###...#..#
...........# ###.# #
........#### #.#
..........## #z#
...........## #@#
............# #†#
.............. #.#
.......(....#. #.#
...†........# #.#
............# #.#
............. #.#
>............ ...
............. ...


You could see a wight.

Vanquished Creatures
  The ghost of empire the Shield-Bearer, an amateur MiFi (D:4)
  An ogre (D:6)
  A centaur (D:5)
  A bullfrog (D:6)
  2 scorpions
  3 wights (D:6)
  A centaur zombie (D:6)
  A crimson imp (D:5)
  A bullfrog zombie (D:5)
  2 jellies (D:5)
  A hound (D:5)
  An iguana (D:5)
  4 worker ants
  A hound skeleton (D:4)
  2 howler monkey skeletons
  12 adders
  An adder skeleton (D:6)
  3 worms (D:2)
  4 dart slugs
  3 leopard geckos
  16 orcs
  3 giant cockroaches
  9 goblins
  9 hobgoblins
  4 jackals (D:4)
  A quokka (D:5)
  2 ball pythons
  4 bats
  4 frilled lizards
  7 kobolds
  4 rats
109 creatures vanquished.

Notes
Turn   | Place    | Note
-------+----------+-------------------------------------------
     0 | D:1      | Salad the Troll Monk began the quest for the Orb.
     0 | D:1      | Reached XP level 1. HP: 22/22 MP: 0/0
   144 | D:1      | Reached XP level 2. HP: 29/29 MP: 1/1
   437 | D:1      | Reached skill level 4 in Unarmed Combat
   494 | D:2      | Reached XP level 3. HP: 31/36 MP: 2/2
   690 | D:2      | Reached skill level 5 in Unarmed Combat
   690 | D:2      | Reached XP level 4. HP: 39/44 MP: 3/3
  1493 | D:3      | Reached XP level 5. HP: 50/50 MP: 4/4
  2623 | D:4      | Noticed empire's ghost (amateur MiFi)
  2646 | D:5      | Entered Level 5 of the Dungeon
  2847 | D:4      | Killed empire's ghost
  2847 | D:4      | Reached skill level 7 in Unarmed Combat
  2847 | D:4      | Reached XP level 6. HP: 27/59 MP: 5/5
  3052 | D:4      | Found a basalt altar of Yredelemnul.
  3445 | D:5      | Reached XP level 7. HP: 61/70 MP: 6/6
  3823 | D:5      | Reached skill level 5 in Fighting
  4248 | D:6      | Reached XP level 8. HP: 41/83 MP: 7/7
  4259 | D:6      | HP: 2/84 [wight/enchanted morningstar (14)]
  4259 | D:6      | Slain by a wight

Skill      XL: |  1  2  3  4  5  6  7 |
---------------+----------------------+-----
Unarmed Combat | 4 5 7 |  7.0
Fighting       | 4 6 |  6.6
Dodging        | |  2.4
Stealth        | |  1.0

Action                   |  1- 3 |  4- 6 |  7- 9 || total
-------------------------+-------+-------+-------++-------
Melee: Unarmed           |    74 |   156 |    61 ||   291
       Punch             |     2 |     2 |     2 ||     6
  Use: Scroll            |     1 |     8 |     2 ||    11
       Potion            |       |     1 |     1 ||     2
 Stab: Sleeping          |     2 |     6 |     2 ||    10
  Eat: Chunk             |     6 |    24 |    14 ||    44
Armor: Robe              |    13 |    61 |    15 ||    89
Dodge: Dodged            |    28 |    77 |    26 ||   131
